cohdb
Replays
Latest Replays
All Replays
Popular Replays
Top Player Replays
Match Explorer
How It Works
Community
CoH3 Stats
Reddit
Sign in to upload your games and track your stats! →
Sign in with Steam
Match 44759038
Unlisted
Match 44759038
Overview
Messages
Build Orders
End
Construct Section Command Post
Selects Heavy Armor Battlegroup
Infantry Section
Dingo Light Scout Car
Selects Rigorous Vehicle Training
Construct Platoon Command Post
6-pounder Anti-tank Gun Team
Unlock M3 Stuart Light Tanks
Selects Light Vehicle Withdraw and Refit
Construct Field Infirmary
M3 Stuart Light Tank
Royal Engineer Section
Selects UNKNOWN (202330)
M3 Stuart Light Tank
M3 Stuart Light Tank
Selects Radio Net
Radio Net
Construct Company Command Post
Selects Recon Artillery
Recon Artillery
Selects Forward Repair Assembly
Foot Guards Section
Unlock Towed 17-pounder Anti-tank Guns
Recon Artillery
17-pounder Anti-tank Gun Team
Foot Guards Section
Foot Guards Section
Foot Guards Section
Matilda II Heavy Tank
Infantry Training
Recon Artillery
CMP 15cwt Truck
婚嫁
大河国窖
TAC
GUYFUN
C4PT4IN_B0B
馋懒熊
Agent Smith
Robin Da Hood
0
0
Comments
sign in to comment!
No comments posted yet!